 Dungeon Crawl Stone Soup version 0.30-a0-723-gc1506a1cf0 (webtiles) character file.

Game seed: 16020233637300552245

2208205 browni3141 the Heavyweight Champion (level 27, 270/278 HPs)
             Began as a Troll Berserker on Jan 28, 2023.
             Was a High Priest of Trog.
             Escaped with the Orb
             ... and 4 runes on Jan 29, 2023!
             The game lasted 03:40:10 (76889 turns).

browni3141 the Heavyweight Champion (TrBe)         Turns: 76889, Time: 03:40:10

Health: 270/278    AC: 13    Str: 35    XL:     27
Magic:  13/13      EV: 21    Int:  6    God:    Trog [*****.]
Gold:   5041       SH: 23    Dex: 22    Spells: 26/26 levels left

rFire   + . .      SeeInvis +      - Unarmed
rCold   + + .      Faith    .    O - +0 tower shield
rNeg    + . .      Spirit   .    J - +2 troll leather armour of the Solstice {rF+ Regen+ MP-9 Int+3}
rPois   +          Reflect  .    q - +0 hat "Boafen" {rN+ Int-4 Dex+5 SInv}
rElec   +          Harm     .    C - +2 cloak {rCorr}
rCorr   +          Rampage  .    (gloves unavailable)
Will    ++...                    (boots unavailable)
Stlth   +                        v - amulet of regeneration
HPRegen 3.06/turn                b - ring "Tint" {Wiz rPois rF+ rC+}
MPRegen 0.13/turn                X - ring of Zaore {rElec rC+ Str+4 Int+6 SInv}

@: no status effects
A: large, unfitting armour, claws 3, regeneration 1, shaggy fur 1, tough skin 1,
clumsy 1, dopey 1, weak 1, heat vulnerability 1, inability to drink after injury
1, MP-powered wands
0: Orb of Zot
}: 4/15 runes: barnacled, slimy, abyssal, gossamer
a: Renounce Religion, Berserk, Trog's Hand, Brothers in Arms


You escaped.
You worshipped Trog.
Trog was extremely pleased with you.
You visited 12 branches of the dungeon, and saw 55 of its levels.
You visited the Abyss 1 time.
You also visited: Trove, Bailey and Desolation.

You collected 9014 gold pieces.
You spent 3973 gold pieces at shops.

Inventory:

Missiles
 s - 9 silver javelins
 w - 32 boomerangs
 z - 6 curare-tipped darts
 E - 5 javelins
 I - 9 throwing nets
 L - 32 large rocks (quivered)
 Y - 8 silver boomerangs
Armour
 q - the +0 hat "Boafen" (worn) {rN+ Int-4 Dex+5 SInv}
   (You found it on level 4 of the Spider Nest)

   Int:       It affects your intelligence (-4).
   Dex:       It affects your dexterity (+5).
   rN:        It protects you from negative energy.
   SInv:      It lets you see invisible.
 C - a +2 cloak of preservation (worn)
 J - the +2 troll leather armour of the Solstice (worn) {rF+ Regen+ MP-9 Int+3}
   (You bought it in a shop on level 12 of the Dungeon)

   Int:       It affects your intelligence (+3).
   rF:        It protects you from fire.
   MP:        It affects your magic capacity (-9).
   Regen:     It increases your rate of health regeneration.
 O - a +0 tower shield (worn)
Jewellery
 b - the ring "Tint" (left claw) {Wiz rPois rF+ rC+}
   (You found it on level 3 of the Elven Halls)

   [ring of wizardry]

   It improves your spell success rate.
   rF:        It protects you from fire.
   rC:        It protects you from cold.
   rPois:     It protects you from poison.
 k - the ring "Uxinou" {Fire rElec rN++ Int+3 Dex-4}
   (You found it in the Desolation of Salt)

   [ring of fire]

   It enhances your fire magic.
   Int:       It affects your intelligence (+3).
   Dex:       It affects your dexterity (-4).
   rF:        It protects you from fire.
   rC:        It makes you vulnerable to cold.
   rElec:     It insulates you from electricity.
   rN:        It greatly protects you from negative energy.
 v - an amulet of regeneration (around neck)
 F - a ring of see invisible
 N - the ring of the Six Priests {rPois rN++}
   (You took it off a vampire mage on level 4 of the Depths)

   [ring of poison resistance]

   rPois:     It protects you from poison.
   rN:        It greatly protects you from negative energy.
 P - a ring of willpower
 V - an amulet of the acrobat
 X - the ring of Zaore (right claw) {rElec rC+ Str+4 Int+6 SInv}
   (You bought it in a shop on level 3 of the Elven Halls)

   [ring of intelligence]

   Str:       It affects your strength (+4).
   Int:       It affects your intelligence (+6).
   rC:        It protects you from cold.
   rElec:     It insulates you from electricity.
   SInv:      It lets you see invisible.
Wands
 D - a wand of iceblast (35)
 K - a wand of quicksilver (17)
 W - a wand of polymorph (18)
Scrolls
 a - 5 scrolls of noise {unknown}
 c - 67 scrolls of identify {unknown}
 d - 13 scrolls of poison {unknown}
 e - 32 scrolls of teleportation {unknown}
 f - 11 scrolls of enchant armour {unknown}
 m - 5 scrolls of silence {unknown}
 o - 9 scrolls of brand weapon {unknown}
 r - 6 scrolls of blinking {unknown}
 y - 7 scrolls of enchant weapon {unknown}
 A - 16 scrolls of amnesia {unknown}
 B - 5 scrolls of fear {unknown}
 M - 5 scrolls of acquirement {unknown}
 Q - 13 scrolls of magic mapping {unknown}
 S - 12 scrolls of vulnerability {unknown}
 T - 3 scrolls of torment {unknown}
 U - 4 scrolls of immolation {unknown}
 Z - 3 scrolls of summoning
Potions
 h - 19 potions of curing
 i - 5 potions of attraction
 l - 9 potions of lignification
 n - 2 potions of invisibility
 p - 3 potions of resistance
 t - 8 potions of cancellation
 u - 9 potions of might
 x - 3 potions of haste
 H - 12 potions of heal wounds
 R - 7 potions of ambrosia
Miscellaneous
 g - a phantom mirror
 j - a phial of floods
 G - a condenser vane


   Skills:
 + Level 17.1 Fighting
 * Level 20.3 Throwing
 - Level 10.0 Armour
 + Level 17.1 Dodging
 - Level 4.0 Stealth
 - Level 20.0 Shields
 O Level 27 Unarmed Combat


You had 26 spell levels left.
You didn't know any spells.
Your spell library was empty.

Dungeon Overview and Level Annotations

Branches:
Dungeon (15/15)            Temple (0/1) D:6            Lair (5/5) D:11
 Shoals (4/4) Lair:3       Spider (4/4) Lair:2        Slime (5/5) Lair:4
    Orc (2/2) D:9             Elf (3/3) Orc:2        Vaults (4/5) D:14
  Crypt (3/3) Vaults:3       Tomb (1/3) Crypt:3      Depths (4/4) D:15
    Zot (5/5) Depths:4     Bailey (visited)         Desolation (visited)

Altars:
Ashenzari
Cheibriados
Dithmenos
Elyvilon
Fedhas
Gozag
Kikubaaqudgha
Ru
Sif Muna
Trog
Xom
Yredelemnul
Zin
The Shining One
Jiyva
Lugonu

Shops:
D:2 [   D:5 (   D:6 *   D:7 ?   D:9 :(:   D:12 **[[*   Orc:2 **?*   Elf:3 *[(==
Shoals:3 (   Vaults:2 *[   Vaults:4 :=?   Depths:1 ???

Portals:
Hell: Depths:1 Depths:2 Depths:3 Depths:4
Abyss: Depths:2 Depths:3
Pandemonium: Depths:2 Depths:3
Ziggurat: Depths:1

Annotations:
Shoals:2 1 runed translucent door, exclusion: door, Fonana's ghost, journeyman DgHu
Spider:3 exclusion: downstairs
Elf:2 3 runed translucent doors
Crypt:3 36 runed doors, exclusion: 36 doors
Depths:1 exclusions: floating eye, 2 great orbs of eyes and 1 more exclusion
Zot:2 1 transporter, exclusion: downstairs


Innate Abilities, Weirdness & Mutations

You are too large for most types of armour.
You have claws for hands.
Your natural rate of healing is unusually fast.
You are covered in fur. (AC +1)
You have tough skin. (AC +1)
You are clumsy. (Dex -2)
You are dopey. (Int -2)
You are weak. (Str -2)
You are vulnerable to heat. (rF-)
You occasionally lose the ability to drink potions when taking damage.
You expend magic power (3 MP) to strengthen your wands.


Message History

Things that are here:
a +0 falchion; a +0 robe; a +0 long sword
Things that are here:
a +0 chain mail; a +0 halberd
There is a stone staircase leading up, spattered with blood here.
You climb upwards.
There is a stone staircase leading down here.
An Orb Guardian comes into view.
There is a stone staircase leading up here.
You climb upwards.
There is a stone staircase leading down here.
(D) Dungeon (T) Temple (L) Lair (A) Shoals (N) Spider Nest (M) Slime Pits (O) Orcish Mines (E) Elven Halls (V) Vaults (C) Crypt (W) Tomb (U) Depths (H) Hell (Z) Zot
Where to? (Enter - D:1, ? - help)
You see here a +0 club.
There is a stone staircase leading up here.
You climb upwards.
There is a stone staircase leading down here.
There is a stone staircase leading up here.
You climb upwards.
There is a stone staircase leading down here.
An ice devil comes into view.
There is a stone staircase leading up here.
You climb upwards.
There is a stone staircase leading down here.
You see here a +0 mace.
An Ahemipso, a blizzard demon, an orange demon and an ice devil come into view.
The blizzard demon shouts!
Ahemipso moves out of view.
The orange demon moves out of view.
The blizzard demon waves its arms in wide circles.
The air twists around and strikes you!!
There is a staircase leading out of the dungeon here.
Press: ? - help, v - describe, . - travel
Here: Ahemipso, armed with a painful touch The floor.
Ahemipso gestures at you. You resist with almost no effort.
You have escaped!

#.....# #...........## #.....#
##...........# #.....#
##.&2≈≈≈.≈≈≈..######
#..#..###...≈≈....♣≈≈......#
#..........≈≈....8..≈≈..##.#
##.#...##.≈≈.......♣.≈≈.##.#
#.#.#.##.≈.....♣.....≈.##.#####
#.#.#.##.≈..8.....♣..≈........#
#.....##.≈≈^...@.8..≈≈.##.###.#
###.####..≈≈.......≈≈..##.# #.#
#.# ##..≈≈.♣...≈≈..###.###.# #.#
##..≈≈≈≈≈≈≈...###..##.# ##.##
##..........#.#.##.##.#
###...####.........###....#.##.#
....(....'.........'........##.#
#........#.........###.........#
#..#.###.##.......## ###.##.####


You could see Ahemipso and a blizzard demon.

Vanquished Creatures
  the Royal Jelly (Slime:5)
  3 dread liches (Zot:5)
  2 orbs of fire (Zot:5)
  2 ancient liches
  A juggernaut (Depths:4)
  Josephina (Depths:3)
  2 royal mummies (Tomb:1)
  Vv (Zot:4)
  7 Killer Klowns (Zot:5)
  Saint Roka (Vaults:2)
  2 curse toes (Zot:4)
  5 golden dragons
  3 bone dragons
  20 tentacled monstrosities
  2 electric golems (Zot:5)
  26 Orb Guardians
  6 liches
  A titan (Vaults:3)
  A walking crystal tome (Depths:2)
  5 quicksilver dragons
  A pandemonium lord (Depths:1)
  Asterion (Elf:1)
  A deep elf master archer (Elf:3)
  19 acid blobs
  Frances (D:14)
  An ancient champion (Vaults:3)
  2 krakens
  11 tentacled starspawn (Abyss:3)
  2 deep elf blademasters (Elf:3)
  10 sphinxes
  Polyphemus (Shoals:3)
  8 death cobs
  2 tengu reavers
  Gastronok (D:12)
  9 revenants
  5 shadow dragons
  4 draconian monks
  Donald (Shoals:3)
  14 rockslimes
  Roxanne (Shoals:3)
  16 storm dragons
  10 draconian knights
  13 azure jellies
  9 deep elf sorcerers (Elf:3)
  6 fire giants
  7 frost giants
  4 ghost moths
  12 vault wardens
  An imperial myrmidon (Desolation)
  An iron dragon (Depths:2)
  An emperor scorpion (Spider:4)
  6 draconian scorchers
  A balrug (Abyss:3)
  A juggernaut zombie (Depths:3)
  Aizul (Vaults:1)
  A spectral juggernaut (Crypt:3)
  4 draconian shifters
  A curse skull (Crypt:3)
  2 draconian stormcallers
  6 deep elf elementalists (Elf:3)
  24 very ugly things
  4 ghouls
  2 draconian annihilators
  3 broodmothers
  A demonspawn corrupter (Depths:1)
  A spriggan defender (Depths:2)
  A demonspawn blood saint (Depths:1)
  12 quicksilver oozes
  A cacodemon (Depths:1)
  15 ironbound preservers
  5 ironbound thunderhulks
  5 vampire knights
  2 war gargoyles
  A deep elf demonologist (Elf:3)
  7 stone giants
  10 green draconians
  10 red draconians
  9 purple draconians
  6 spark wasps
  16 yellow draconians
  5 deep elf annihilators (Elf:3)
  11 white draconians
  A halazid warlock (Desolation)
  5 dire elephants
  17 black draconians
  7 eidola
  7 crystal guardians
  6 deep elf death magi
  2 blizzard demons
  A quicksilver dragon zombie (Crypt:2)
  7 jiangshi
  8 merfolk javelineers
  8 ettins
  3 merfolk impalers
  4 mummy priests (Tomb:1)
  7 yaktaur captains
  6 deep elf high priests (Elf:3)
  4 fire dragons
  6 ragged hierophants (Desolation)
  6 entropy weavers
  A great orb of eyes (shapeshifter) (Abyss:3)
  5 servants of whispers
  9 ice dragons
  2 green deaths
  4 spriggan zombies
  8 hydras
  A quicksilver dragon skeleton (Crypt:2)
  7 great orbs of eyes
  5 rakshasas
  2 jorogumos
  8 vault guards
  7 peacekeepers
  2 ogre magi
  3 merfolk aquamancers (Shoals:4)
  3 spriggan air magi (Depths:2)
  An ice dragon (shapeshifter) (Abyss:3)
  8 boulder beetles
  16 centaur warriors
  7 ironbound frosthearts
  14 dancing weapons
  28 death scarabs (Tomb:1)
  A radroach (Spider:1)
  3 satyrs
  An Orb Guardian skeleton (Crypt:3)
  2 catoblepae
  7 tengu warriors
  3 death knights
  An alligator snapping turtle (Shoals:4)
  4 merfolk avatars
  10 two-headed ogres
  17 death yaks
  4 orc high priests
  7 deep troll shamans
  6 vampire magi
  11 deep troll earth magi
  4 titan zombies
  9 spriggan berserkers
  10 thrashing horrors (Abyss:3)
  Urug (D:10)
  3 soul eaters
  5 sun demons
  5 deep elf knights
  A storm dragon zombie (Crypt:1)
  A titan skeleton (Depths:3)
  Nergalle (D:11)
  4 wretched stars (Abyss:3)
  The ghost of Likado the Chopper, a novice DsRe of Dithmenos (D:8)
  6 iron trolls
  16 skeletal warriors
  19 shadow wraiths
  A storm dragon skeleton (Crypt:1)
  Lodul (D:13)
  A sixfirhy (D:12)
  12 pharaoh ants
  7 orb spiders
  18 sea snakes
  48 deep trolls
  8 flayed ghosts
  A spatial maelstrom (Abyss:3)
  4 glowing orange brains
  13 wizards
  A bog body (Crypt:2)
  A shadow dragon zombie (Depths:3)
  A sphinx zombie (Vaults:4)
  A bunyip zombie (Crypt:2)
  9 steelbarb worms
  6 lindwurms
  2 orc knights
  29 starcursed masses (Abyss:3)
  19 ironbound convokers
  11 deep elf archers
  2 golden dragon skeletons
  A jorogumo zombie (Crypt:3)
  10 deep elf zephyrmancers
  A harpy (shapeshifter) (Abyss:3)
  5 necromancers
  23 phantasmal warriors
  3 tengu zombies
  23 deep elf pyromancers
  A wolf spider zombie (D:12)
  42 ugly things
  A stone giant zombie (Crypt:2)
  12 wolf spiders
  16 harpies
  The ghost of jimonade the Slicer, a novice VSBr (D:7)
  An iron dragon skeleton (Depths:3)
  16 manticores
  20 fauns
  2 orc sorcerers
  An iron dragon zombie (Depths:3)
  22 moths of wrath
  6 cyclopes
  8 shining eyes
  2 sphinx skeletons
  3 worldbinders (Abyss:3)
  A black mamba (shapeshifter) (Elf:3)
  27 elephants
  A stone giant skeleton (Depths:1)
  5 centaur zombies
  13 large abominations (Abyss:3)
  A frost giant skeleton (Crypt:2)
  A spectral centaur (Crypt:3)
  An elf zombie (Vaults:4)
  7 torpor snails
  2 eyes of devastation (Slime:5)
  11 merfolk sirens
  2 guardian serpents (Desolation)
  2 naga magi (D:15)
  5 black mambas
  16 vault sentinels
  2 guardian serpents (shapeshifter) (Abyss:3)
  A smoke demon (Abyss:3)
  An orange demon (Depths:3)
  3 centaur skeletons (D:15)
  A shock serpent skeleton (Crypt:1)
  4 water nymphs
  10 cane toads
  12 demonic crawlers
  A dire elephant skeleton (Crypt:2)
  8 unseen horrors
  30 yaktaurs
  4 rime drakes
  4 tengu conjurers
  An efreet (D:13)
  An alligator snapping turtle skeleton (Crypt:3)
  A kobold demonologist (D:11)
  A golden dragon simulacrum (Depths:3)
  7 komodo dragons
  10 guardian mummies (Tomb:1)
  An ice devil (Depths:3)
  6 ancient zymes (Abyss:3)
  A catoblepas skeleton (Crypt:1)
  11 freezing wraiths
  A hellwing (Depths:3)
  A red draconian skeleton (Crypt:3)
  6 wind drakes
  8 meliai
  A meliai (shapeshifter) (D:15)
  3 red devils
  35 merfolk
  5 trolls
  17 tarantellas
  6 polar bears
  Grinder (D:6)
  A harpy skeleton (Abyss:3)
  4 hornets
  12 snapping turtles
  A tarantella (shapeshifter) (Depths:2)
  6 raiju (Abyss:3)
  A tengu simulacrum (Depths:3)
  41 saltlings
  6 blink frogs (Lair:5)
  2 fire giant simulacra (Depths:3)
  12 dream sheep
  An ettin zombie (Depths:1)
  15 flying skulls
  A meliai zombie (D:12)
  96 slime creatures
  A spectral black mamba (Crypt:3)
  30 jumping spiders
  16 shadows
  4 centaur simulacra
  20 culicivoras
  An alligator skeleton (Crypt:3)
  4 ynoxinuls
  3 air elementals
  5 wyverns
  6 spriggans
  A wyvern (shapeshifter) (D:14)
  15 wraiths
  An ushabti (Tomb:1)
  2 basilisks (D:14)
  10 water elementals
  A human (shapeshifter) (Depths:2)
  25 yaks
  An ettin skeleton (Crypt:2)
  5 vampires
  A fire bat (Abyss:3)
  4 neqoxecs
  8 golden eyes (Slime:3)
  4 chaos spawn
  11 vampire mosquitoes
  3 fire elementals
  48 redbacks
  Edmund (D:6)
  6 steam dragons
  6 wargs
  A harpy simulacrum (Crypt:1)
  3 glowing shapeshifter zombies (Depths:3)
  20 water moccasins
  2 glowing shapeshifter skeletons (Depths:3)
  A floating eye (Depths:4)
  32 orc warriors
  A swamp drake (D:9)
  6 ice beasts
  3 black bears
  12 small abominations
  42 wolves
  9 boggarts
  23 ogres
  24 centaurs
  A lindwurm skeleton (Crypt:1)
  A snapping turtle skeleton (Abyss:3)
  3 phantoms
  5 kobold brigands
  10 bullfrogs
  An earth elemental (Elf:3)
  2 scorpions
  A cyclops zombie (Crypt:3)
  A glowing shapeshifter simulacrum (Depths:1)
  4 necrophages
  A gnoll sergeant (D:8)
  4 wights
  14 killer bees
  8 howler monkeys
  An electric eel (D:15)
  2 lava snakes (D:10)
  3 hounds
  7 jellies
  Crazy Yiuf (D:3)
  39 orc priests
  An iron imp (Abyss:3)
  4 iguanas
  33 orc wizards
  4 hell rats
  A naga skeleton (Crypt:1)
  A boggart simulacrum (D:15)
  11 mummies (Tomb:1)
  6 adders
  7 gnolls
  A swamp drake skeleton (Crypt:2)
  2 shadow imps
  13 white imps
  6 ufetubi
  4 worms
  4 dart slugs
  79 orcs
  15 endoplasms
  2 giant cockroaches (D:2)
  6 goblins
  3 hobgoblins
  2 jackals (D:4)
  34 kobolds
  6 quokkas
  7 ball pythons
  6 bats
  An endoplasm zombie (Crypt:1)
  5 frilled lizards
  A jackal skeleton (Crypt:2)
  A quokka skeleton (Crypt:1)
  3 rats
  2 butterflies (Lair:5)
  2 lurking horrors (Abyss:3)
  10 starspawn tentacles (Abyss:3)
  3 tentacles
2582 creatures vanquished.

Vanquished Creatures (collateral kills)
  A profane servitor (Abyss:3)
  A lich (Depths:2)
  A sphinx (Depths:3)
  A draconian monk (Zot:3)
  A frost giant (Depths:2)
  2 draconian scorchers
  A draconian shifter (Abyss:3)
  2 very ugly things (Depths:2)
  A green draconian (Zot:3)
  A dire elephant (Lair:5)
  2 yellow draconians
  A purple draconian (Zot:3)
  2 spark wasps (Depths:3)
  An ettin (Depths:2)
  A merfolk impaler (Shoals:4)
  A quicksilver dragon skeleton (Depths:3)
  An entropy weaver (Spider:2)
  A rakshasa (Depths:2)
  A spriggan zombie (Abyss:3)
  A hydra (Lair:3)
  A merfolk avatar (Shoals:4)
  A spriggan skeleton (Depths:3)
  A satyr (Shoals:4)
  A merfolk aquamancer (Shoals:2)
  2 thrashing horrors (Abyss:3)
  A vampire mage (Depths:2)
  A deep troll earth mage (Depths:2)
  A hell knight (Depths:4)
  An orc high priest (Orc:2)
  A large abomination (Abyss:3)
  A faun (Shoals:2)
  2 ugly things (Depths:2)
  An orc sorcerer (Orc:2)
  2 manticores
  A cyclops (Shoals:2)
  A black mamba (Lair:5)
  A merfolk siren (Shoals:2)
  2 water nymphs
  A smoke demon (Abyss:3)
  A komodo dragon (Lair:5)
  2 unseen horrors (Abyss:3)
  A rime drake (Lair:5)
  A merfolk (Shoals:2)
  A hornet (Depths:2)
  A snapping turtle (Lair:5)
  A culicivora (Spider:2)
  3 water elementals (Shoals:2)
  A floating eye (Depths:4)
  6 starcursed masses (Abyss:3)
  An orc priest (Orc:2)
  3 hell rats (Lair:5)
  An orc (Orc:2)
  A starspawn tentacle (Abyss:3)
71 creatures vanquished.

Vanquished Creatures (others)
  A tentacled monstrosity (Zot:3)
  A fire giant (Depths:4)
  A draconian knight (Zot:1)
  A mummy priest (Tomb:1)
  2 death scarabs (Tomb:1)
  A wizard (Depths:2)
  A deep elf zephyrmancer (Elf:1)
  A manticore (Shoals:3)
  A merfolk siren (Shoals:4)
  An unseen horror (Abyss:3)
  A jumping spider (Spider:1)
  A hornet simulacrum (D:15)
  An orc (D:9)
  7 demonic plants (Abyss:3)
  27 fungi
  A lurking horror (Abyss:3)
  115 plants
  19 starspawn tentacles (Abyss:3)
  10 tentacles
  7 withered plants (D:12)
200 creatures vanquished.

Grand Total: 2853 creatures vanquished

Notes
Turn   | Place    | Note
-------+----------+-------------------------------------------
     0 | D:1      | browni3141 the Troll Berserker began the quest for the Orb.
     0 | D:1      | Reached XP level 1. HP: 22/22 MP: 0/0
   163 | D:1      | You fall into a shaft and drop 1 floor!
   200 | D:2      | Reached XP level 2. HP: 27/29 MP: 1/1
   554 | D:2      | Reached XP level 3. HP: 18/36 MP: 2/2
   620 | D:2      | Reached ** piety under Trog
   677 | D:2      | Found Ewuddugh's Armour Shoppe.
  1597 | D:3      | Noticed a phantom
  1607 | D:3      | Killed a phantom
  1608 | D:3      | Reached skill level 1 in Stealth
  1608 | D:3      | Reached skill level 4 in Unarmed Combat
  1608 | D:3      | Reached XP level 4. HP: 44/45 MP: 3/3
  1608 | D:3      | Reached XP level 5. HP: 52/53 MP: 4/4
  1972 | D:3      | Found a runed translucent door.
  1973 | D:3      | Noticed Crazy Yiuf
  2098 | D:3      | Found a glowing golden altar of the Shining One.
  2189 | D:3      | Found a faded altar of an unknown god.
  2460 | D:3      | Killed Crazy Yiuf
  2574 | D:4      | Noticed an ogre
  2578 | D:4      | Killed an ogre
  2579 | D:4      | Reached XP level 6. HP: 61/61 MP: 5/5
  2600 | D:4      | Reached skill level 1 in Throwing
  2652 | D:4      | Reached skill level 5 in Unarmed Combat
  2954 | D:5      | Entered Level 5 of the Dungeon
  2971 | D:4      | Found a glowing silver altar of Zin.
  2971 | D:4      | Found a sacrificial altar of Ru.
  3105 | D:5      | Reached XP level 7. HP: 55/67 MP: 6/6
  3318 | D:5      | Reached skill level 6 in Unarmed Combat
  3452 | D:5      | Found Vosa's Weapon Emporium.
  3573 | D:6      | Reached *** piety under Trog
  3576 | D:6      | Reached XP level 8. HP: 71/78 MP: 7/7
  3756 | D:6      | Found a staircase to the Ecumenical Temple.
  3789 | D:6      | Reached skill level 7 in Unarmed Combat
  3903 | D:6      | Noticed Edmund
  3910 | D:6      | Killed Edmund
  3974 | D:6      | Found Peoh Noile's Assorted Antiques.
  4225 | D:6      | Noticed Grinder
  4237 | D:6      | Killed Grinder
  4238 | D:6      | Reached XP level 9. HP: 87/87 MP: 8/8
  4507 | D:6      | Bought a fizzy dark potion for 19 gold pieces
  4507 | D:6      | Bought a yellow potion for 19 gold pieces
  4507 | D:6      | Bought a brown potion for 19 gold pieces
  4574 | D:7      | Found a runed translucent gate.
  4574 | D:7      | Found a runed translucent gate.
  4574 | D:7      | Found a runed translucent gate.
  4575 | D:7      | Found an opulent altar of Gozag.
  4576 | D:7      | Noticed jimonade's ghost (novice VSBr)
  4579 | D:7      | Found Weawotah's Magic Scroll Shop.
  4617 | D:7      | Reached skill level 8 in Unarmed Combat
  4679 | D:7      | Reached skill level 5 in Fighting
  4679 | D:7      | Reached skill level 5 in Dodging
  4724 | D:7      | Found a white marble altar of Elyvilon.
  4725 | D:7      | Found a shadowy altar of Dithmenos.
  4726 | D:7      | Found a snail-covered altar of Cheibriados.
  5278 | D:8      | Found a runed translucent door.
  5278 | D:8      | Found a shimmering altar of Xom.
  5278 | D:8      | Noticed a +2 quarterstaff of chaos
  5278 | D:8      | Noticed Likado's ghost (novice DsRe)
  5425 | D:8      | Reached skill level 9 in Unarmed Combat
  5575 | D:8      | Reached skill level 5 in Throwing
  5591 | D:8      | Reached **** piety under Trog
  6132 | D:9      | Reached XP level 10. HP: 44/98 MP: 9/9
  6182 | D:9      | Found a staircase to the Orcish Mines.
  6285 | D:9      | Found Uceudoq's Book Boutique.
  6328 | D:9      | Noticed a two-headed ogre
  6334 | D:9      | Killed a two-headed ogre
  6335 | D:9      | Reached skill level 10 in Unarmed Combat
  6409 | D:9      | Found Weulizu's Antique Weapon Boutique.
  6437 | D:9      | Found a flagged portal.
  6448 | Bailey   | Entered a bailey
  6620 | Bailey   | Noticed a two-headed ogre
  6641 | Bailey   | Killed a two-headed ogre
  6644 | Bailey   | Identified the +4 dagger of the Ecumenical Temple {flame,
                  | rF+ Str+2}
  7028 | D:9      | Found Kuciw's Book Shoppe.
  7213 | Orc:1    | Entered Level 1 of the Orcish Mines
  7231 | Orc:1    | Reached skill level 11 in Unarmed Combat
  7456 | Orc:1    | Reached XP level 11. HP: 27/107 MP: 10/10
  7462 | Orc:1    | Reached ***** piety under Trog
  7608 | Orc:1    | Noticed an orc sorcerer
  7616 | Orc:1    | Killed an orc sorcerer
  7750 | Orc:1    | Noticed an orc high priest
  7760 | Orc:1    | Noticed a sun demon
  7764 | Orc:1    | Killed an orc high priest
  8071 | D:9      | Gained mutation: You are robust. (+10% HP) [potion of
                  | mutation]
  8071 | D:9      | Gained mutation: You sometimes lose your temper in combat.
                  | [potion of mutation]
  8071 | D:9      | Gained mutation: You expend magic power (3 MP) to
                  | strengthen your wands. [potion of mutation]
  8076 | D:9      | Reached skill level 12 in Unarmed Combat
  8076 | D:9      | Reached XP level 12. HP: 130/130 MP: 11/11
  8077 | D:9      | Reached skill level 13 in Unarmed Combat
  8077 | D:9      | Reached XP level 13. HP: 140/140 MP: 12/12
  8108 | D:9      | Lost mutation: You are robust. (+10% HP) [potion of
                  | mutation]
  8108 | D:9      | Lost mutation: You sometimes lose your temper in combat.
                  | [potion of mutation]
  8108 | D:9      | Gained mutation: You occasionally shout uncontrollably at
                  | your foes. [potion of mutation]
  8108 | D:9      | Gained mutation: You have a pair of small horns on your
                  | head. [potion of mutation]
  8159 | Orc:2    | Entered Level 2 of the Orcish Mines
  8159 | Orc:2    | Found a staircase to the Elven Halls.
  8388 | Orc:2    | Reached skill level 14 in Unarmed Combat
  8610 | Orc:2    | Received a gift from Trog
  9022 | Orc:2    | Found Doepraz's Assorted Antiques.
  9022 | Orc:2    | Found Hoang's General Store.
  9023 | Orc:2    | Found Gaarugucoi's General Store.
  9027 | Orc:2    | Found Kuwnog's Magic Scroll Shop.
  9032 | Orc:2    | Bought a potion of curing for 45 gold pieces
  9033 | Orc:2    | Bought a potion of curing for 33 gold pieces
  9090 | Orc:2    | Bought a brown potion for 25 gold pieces
  9090 | Orc:2    | Bought a shiny kite shield for 210 gold pieces
  9231 | D:10     | Entered Level 10 of the Dungeon
  9428 | D:10     | Found a transporter.
  9429 | D:10     | Found a transporter.
  9481 | D:10     | Reached skill level 1 in Shields
  9558 | D:10     | Noticed Urug
  9568 | D:10     | Killed Urug
 10438 | D:11     | Found a staircase to the Lair.
 10599 | D:11     | Received a gift from Trog
 10767 | D:11     | Noticed Nergalle
 10775 | D:11     | Killed Nergalle
 11019 | D:12     | Found Ceownulo's Armour Boutique.
 11026 | D:12     | Bought the +2 troll leather armour of the Solstice {rF+
                  | Regen+ MP-9 Int+3} for 448 gold pieces
 11074 | D:12     | Found Juanuxtawo's Armour Emporium.
 11120 | D:12     | Reached skill level 5 in Shields
 11125 | D:12     | Reached XP level 14. HP: 137/137 MP: 4/13
 11193 | D:12     | Found Uduckel's General Store.
 11304 | D:12     | Found Qixuq's General Store.
 11313 | D:12     | Bought a wand of quicksilver (6) for 403 gold pieces
 11328 | D:12     | Found a blossoming altar of Fedhas.
 11474 | D:12     | Noticed Gastronok
 11511 | D:12     | Killed Gastronok
 11814 | D:12     | Received a gift from Trog
 11870 | D:12     | Found Zoimesa's Assorted Antiques.
 12841 | D:13     | Noticed Lodul
 12842 | D:13     | Reached skill level 10 in Shields
 12846 | D:13     | Killed Lodul
 13394 | D:14     | Noticed Frances
 13419 | D:14     | Killed Frances
 13657 | D:14     | Found a gate to the Vaults.
 13665 | D:14     | Identified the +1 robe of Hangman {rC- rN++}
 13857 | D:14     | Found a portal to a secret trove of treasure.
 14095 | D:14     | Reached skill level 15 in Unarmed Combat
 14095 | D:14     | Reached XP level 15. HP: 139/146 MP: 5/14
 14124 | D:14     | Received a gift from Trog
 14337 | D:12     | Bought a scroll of fog for 60 gold pieces
 14366 | D:12     | Bought a scroll of fog for 64 gold pieces
 14718 | D:15     | Entered Level 15 of the Dungeon
 14932 | D:15     | Found a corrupted altar of Lugonu.
 15979 | D:15     | Found a staircase to the Depths.
 16397 | Lair:1   | Entered Level 1 of the Lair of Beasts
 17255 | Lair:2   | Reached skill level 10 in Throwing
 17423 | Lair:2   | Reached skill level 16 in Unarmed Combat
 17580 | Lair:2   | Reached ****** piety under Trog
 17833 | Lair:2   | Received a gift from Trog
 17891 | Lair:2   | Found a hole to the Spider Nest.
 18013 | Lair:3   | Identified the +1 long sword "Yjuffu Kaewn" {freeze, +Blink
                  | rElec SInv}
 18032 | Lair:3   | Reached skill level 10 in Fighting
 18222 | Lair:3   | Reached skill level 10 in Dodging
 18546 | Lair:3   | Found a staircase to the Shoals.
 18554 | Lair:3   | Reached XP level 16. HP: 158/158 MP: 6/15
 19027 | Lair:4   | Found a viscous altar of Jiyva.
 19034 | Lair:4   | Found a staircase to the Slime Pits.
 20058 | Lair:5   | Entered Level 5 of the Lair of Beasts
 20124 | Lair:5   | Paralysed by a hornet for 3 turns
 20265 | Lair:5   | Received a gift from Trog
 20950 | Lair:5   | Reached skill level 17 in Unarmed Combat
 21237 | Shoals:1 | Entered Level 1 of the Shoals
 22372 | Shoals:2 | Identified the +11 demon blade of Stoicism {heavy, +Blink
                  | rF- Will++ Str+3} (Trog gifted it to you on level 2 of the
                  | Shoals)
 22372 | Shoals:2 | Received a gift from Trog
 22616 | Shoals:2 | Found a runed translucent door.
 23209 | Shoals:2 | Found a shimmering altar of Xom.
 23209 | Shoals:2 | Noticed Fonana's ghost (journeyman DgHu)
 23209 | Shoals:2 | Found the +18 Lear's hauberk
 23210 | Shoals:2 | Identified the +6 war axe "Ulukidyn" {chaos, rC- Dex+4}
 23226 | Shoals:3 | Reached XP level 17. HP: 159/169 MP: 7/16
 23327 | Shoals:3 | Found a runed translucent door.
 23435 | Shoals:3 | Noticed Donald
 23449 | Shoals:3 | Killed Donald
 23669 | Shoals:3 | Found Azinorchih's Antique Weapon Shop.
 23684 | Shoals:3 | Noticed Roxanne
 23714 | Shoals:3 | Killed Roxanne
 23774 | Shoals:3 | Noticed a kraken
 23810 | Shoals:3 | Killed a kraken
 24294 | Shoals:3 | Noticed Polyphemus
 24333 | Shoals:3 | Killed Polyphemus
 24497 | Shoals:4 | Entered Level 4 of the Shoals
 24710 | Shoals:4 | Noticed a kraken
 24741 | Shoals:4 | Killed a kraken
 24896 | Shoals:4 | Reached skill level 18 in Unarmed Combat
 24942 | Shoals:4 | Identified the +3 rapier "Zygohih" {drain, rElec Will+
                  | Int+5}
 25868 | Shoals:4 | Received a gift from Trog
 26009 | Shoals:4 | Got a barnacled rune of Zot
 26061 | Shoals:4 | Identified the +11 flail "Ifrurch" {drain, Stlth+}
 26308 | Spider:1 | Entered Level 1 of the Spider Nest
 26480 | Spider:1 | Reached XP level 18. HP: 169/169 MP: 8/17
 26810 | D:14     | You paid a toll of 7 scrolls of fog to enter a treasure
                  | trove
 26811 | Trove    | Entered a treasure trove
 27038 | Spider:1 | You fall into a shaft and drop 1 floor!
 28023 | Spider:1 | Reached skill level 15 in Shields
 28690 | Spider:1 | Found the +8 Wrath of Trog {antimagic, *Rage Rampage}
 28915 | Spider:1 | Received a gift from Trog
 29469 | Spider:4 | Entered Level 4 of the Spider Nest
 29609 | Spider:3 | Reached skill level 19 in Unarmed Combat
 30021 | Spider:3 | Received a gift from Trog
 31886 | Spider:4 | Got a gossamer rune of Zot
 31901 | Spider:4 | Identified the +0 hat "Boafen" {rN+ Int-4 Dex+5 SInv}
 32345 | Depths:1 | Entered Level 1 of the Depths
 32420 | Depths:1 | Reached XP level 19. HP: 185/185 MP: 9/18
 32437 | Depths:1 | Identified the +3 demon whip "Igrixib" {flame, Dex+4 SInv}
                  | (Trog gifted it to you on level 1 of the Depths)
 32437 | Depths:1 | Received a gift from Trog
 32907 | Depths:1 | Found Jaigih's Magic Scroll Shop.
 32907 | Depths:1 | Found Reotuf's Magic Scroll Boutique.
 32908 | Depths:1 | Found Faiwasad's Magic Scroll Boutique.
 32910 | Depths:1 | Found Boaluh's Book Shop.
 32927 | Depths:1 | Found a one-way gateway to a ziggurat.
 32935 | Depths:1 | Paralysed by a floating eye for 3 turns
 33054 | Depths:1 | Found a broken altar of Ashenzari.
 33126 | Depths:1 | Paralysed by a floating eye for 4 turns
 33134 | Depths:1 | Paralysed by a floating eye for 4 turns
 33488 | Depths:1 | Found a gateway to Hell.
 33676 | Depths:2 | Found a bloodstained altar of Trog.
 33830 | Depths:2 | Found a one-way gate to the infinite horrors of the Abyss.
 33855 | Depths:2 | Identified the +8 war axe of Light {heavy, Will+} (Trog
                  | gifted it to you on level 2 of the Depths)
 33855 | Depths:2 | Received a gift from Trog
 33983 | Depths:2 | Reached skill level 20 in Unarmed Combat
 34301 | Depths:2 | Found a one-way gate leading to the halls of Pandemonium.
 34326 | Depths:2 | HP: 14/288 [vampire knight/+0 glaive (31)]
 35018 | Depths:3 | Identified the ring "Fiqiaca" {Ice Slay+2}
 35018 | Depths:3 | Noticed Josephina
 35074 | Depths:3 | Killed Josephina
 35356 | Depths:3 | Reached XP level 20. HP: 146/201 MP: 10/19
 35520 | Depths:4 | Entered Level 4 of the Depths
 35847 | Depths:3 | Received a gift from Trog
 36574 | Depths:3 | Noticed a bone dragon
 36583 | Depths:3 | Killed a bone dragon
 36606 | Depths:3 | Identified the +9 double sword of Lyshrothy {pain, Str+4}
 36807 | Depths:4 | Noticed a juggernaut
 36820 | Depths:4 | Killed a juggernaut
 36874 | Depths:4 | Identified the ring of the Six Priests {rPois rN++}
 36881 | Depths:4 | Paralysed by a floating eye for 2 turns
 36963 | Depths:4 | Paralysed by a floating eye for 2 turns
 37331 | Depths:4 | Reached skill level 21 in Unarmed Combat
 38072 | Depths:4 | Noticed a bone dragon
 38098 | Depths:4 | Killed a bone dragon
 38164 | Depths:4 | Found a gate to the Realm of Zot.
 38574 | Elf:1    | Entered Level 1 of the Elven Halls
 38595 | Elf:1    | Noticed Asterion
 38604 | Elf:1    | Killed Asterion
 39065 | Elf:1    | Paralysed by an air elemental for 1 turns
 39167 | Elf:1    | Reached XP level 21. HP: 210/210 MP: 11/20
 39358 | Elf:1    | Received a gift from Trog
 39666 | Elf:2    | Found a runed translucent gate.
 39666 | Elf:2    | Found a runed translucent gate.
 39666 | Elf:2    | Found a runed translucent gate.
 39964 | Elf:3    | Entered Level 3 of the Elven Halls
 40032 | Elf:3    | Found Yvvaawaa's Armour Emporium.
 40034 | Elf:3    | Found Budovy Cighe's Jewellery Emporium.
 40034 | Elf:3    | Found Jerphon's Antique Weapon Emporium.
 40041 | Elf:3    | Found Uxtyp's Jewellery Emporium.
 40046 | Elf:3    | Bought the ring of Zaore {rElec rC+ Str+4 Int+6 SInv} for
                  | 1044 gold pieces
 40053 | Elf:3    | Bought an amulet of regeneration for 600 gold pieces
 40220 | Elf:3    | Found Nodghaj's General Store.
 40248 | Elf:3    | Bought 2 potions of cancellation for 288 gold pieces
 40248 | Elf:3    | Bought a potion of cancellation for 144 gold pieces
 40248 | Elf:3    | Bought a potion of heal wounds for 90 gold pieces
 40372 | Abyss:3  | Found a corrupted altar of Lugonu.
 40372 | Abyss:3  | Cast into level 3 of the Abyss (a deep elf sorcerer)
 40585 | Abyss:3  | Noticed an ancient lich
 40588 | Abyss:3  | Killed an ancient lich
 40636 | Abyss:3  | Found a corrupted altar of Lugonu.
 40797 | Abyss:3  | Found a shadowy altar of Dithmenos.
 40797 | Abyss:3  | Found a bloodstained altar of Trog.
 40797 | Abyss:3  | Found a hazy altar of Hepliaklqana.
 40797 | Abyss:3  | Found an ancient bone altar of Kikubaaqudgha.
 40797 | Abyss:3  | Found a glowing golden altar of the Shining One.
 40797 | Abyss:3  | Found a snail-covered altar of Cheibriados.
 40797 | Abyss:3  | Found a shimmering altar of Xom.
 40797 | Abyss:3  | Found a white marble altar of Elyvilon.
 40797 | Abyss:3  | Found a shimmering blue altar of Sif Muna.
 40797 | Abyss:3  | Found an iron altar of Okawaru.
 40799 | Abyss:3  | Found a burning altar of Makhleb.
 40807 | Abyss:3  | Found a radiant altar of Vehumet.
 40807 | Abyss:3  | Found a sparkling altar of Nemelex Xobeh.
 40807 | Abyss:3  | Found a stormy altar of Qazlal.
 40809 | Abyss:3  | Found a broken altar of Ashenzari.
 40809 | Abyss:3  | Found a blossoming altar of Fedhas.
 40809 | Abyss:3  | Found a glowing silver altar of Zin.
 40809 | Abyss:3  | Found a basalt altar of Yredelemnul.
 40811 | Abyss:3  | Found a hide-covered altar of Uskayaw.
 40811 | Abyss:3  | Found a basalt altar of Yredelemnul.
 40811 | Abyss:3  | Found an opulent altar of Gozag.
 41008 | Abyss:3  | Received a gift from Trog
 41379 | Abyss:3  | Reached skill level 22 in Unarmed Combat
 41529 | Abyss:3  | Received a gift from Trog
 41532 | Abyss:3  | Paralysed by accursed screaming for 1 turns
 41557 | Abyss:3  | Found a shimmering altar of Xom.
 41558 | Abyss:3  | Found a shimmering altar of Xom.
 41560 | Abyss:3  | Found a corrupted altar of Lugonu.
 41561 | Abyss:3  | Found a shimmering altar of Xom.
 41561 | Abyss:3  | Found a shimmering altar of Xom.
 41561 | Abyss:3  | Found a shimmering altar of Xom.
 41562 | Abyss:3  | Found a shimmering altar of Xom.
 41562 | Abyss:3  | Found a shimmering altar of Xom.
 41562 | Abyss:3  | Found a shimmering altar of Xom.
 41562 | Abyss:3  | Found a shimmering altar of Xom.
 41562 | Abyss:3  | Found a shimmering altar of Xom.
 41562 | Abyss:3  | Found a shimmering altar of Xom.
 41562 | Abyss:3  | Found a shimmering altar of Xom.
 41563 | Abyss:3  | Found a shimmering altar of Xom.
 41563 | Abyss:3  | Found a shimmering altar of Xom.
 41607 | Abyss:3  | Found a shimmering altar of Xom.
 41607 | Abyss:3  | Found a shimmering altar of Xom.
 41607 | Abyss:3  | Found a shimmering altar of Xom.
 41607 | Abyss:3  | Found a shimmering altar of Xom.
 41607 | Abyss:3  | Found a shimmering altar of Xom.
 41677 | Abyss:3  | Noticed a profane servitor
 41684 | Abyss:3  | Gained mutation: You are vulnerable to heat. (rF-) [a
                  | neqoxec]
 41689 | Abyss:3  | Gained mutation: Your magical capacity is low. (-10% MP) [a
                  | neqoxec]
 41698 | Abyss:3  | Killed a profane servitor
 41744 | Abyss:3  | Got an abyssal rune of Zot
 41795 | Elf:3    | Escaped the Abyss
 41797 | Elf:3    | Received a gift from Trog
 41798 | Elf:3    | Reached XP level 22. HP: 214/222 MP: 9/18
 42342 | Elf:3    | Identified the +2 spear of Ciuc {heavy, Fly rElec rPois}
 42355 | Elf:3    | Identified the +2 short sword "Itukam" {freeze, +Blink rF-
                  | rN+ rCorr}
 42417 | Elf:3    | Identified the ring "Tint" {Wiz rPois rF+ rC+}
 42526 | Elf:3    | Identified the +7 mace of the Middle {holy, rElec Will+
                  | Stlth+}
 42526 | Elf:3    | Identified the +0 plate armour of Lesser Demons {Int+5}
 42951 | Zot:1    | Entered Level 1 of the Realm of Zot
 43153 | Vaults:1 | Entered Level 1 of the Vaults
 43674 | Vaults:1 | Reached skill level 1 in Armour
 43852 | Vaults:1 | Noticed Aizul
 43860 | Vaults:1 | Killed Aizul
 43924 | Vaults:1 | Reached skill level 15 in Throwing
 44210 | Vaults:1 | Received a gift from Trog
 44655 | Vaults:2 | Found a crumbling gateway.
 44711 | Desolati | Entered the Desolation of Salt
 44840 | Desolati | Identified the ring "Uxinou" {Fire rElec rN++ Int+3 Dex-4}
 44848 | Desolati | Identified the +5 morningstar "Forenn" {flame, Int+3}
 44849 | Desolati | Identified the +8 shortbow "Joantus" {freeze, rPois}
 44919 | Desolati | Identified the +0 robe of the Trout {Dex+5}
 44998 | Desolati | Found the +4 Cigotuvi's embrace {Corpsefed rMiasma Drain
                  | rN+}
 45024 | Desolati | Reached skill level 23 in Unarmed Combat
 45032 | Desolati | Received a gift from Trog
 45135 | Desolati | Identified the ring "Kalej" {rCorr Dex+3}
 45158 | Desolati | Identified the ring of Uzuvi {Fly rF+ rC+}
 45168 | Desolati | Identified the +7 sling of the Spider {speed, Dex+3}
 45278 | Desolati | Identified the ring "Qaeryura" {Fly SInv}
 45281 | Desolati | Identified the ring "Yttao" {Ice rN+}
 45382 | Vaults:2 | Found Qiusan's Assorted Antiques.
 45457 | Vaults:2 | Bought a potion of heal wounds for 170 gold pieces
 45888 | Vaults:2 | You fall into a shaft and drop 1 floor!
 45929 | Vaults:3 | Reached XP level 23. HP: 217/232 MP: 10/19
 46014 | Vaults:3 | Reached skill level 5 in Armour
 46151 | Vaults:3 | Received a gift from Trog
 46698 | Vaults:3 | Identified the +1 robe of the Unbroken {Int+2}
 47270 | Vaults:3 | Found a staircase to the Crypt.
 47567 | Vaults:2 | Found Fagiom's Armour Emporium.
 47633 | Vaults:2 | Noticed Saint Roka
 47651 | Vaults:2 | Killed Saint Roka
 47848 | Vaults:2 | Identified the +4 triple sword of Hyes Suba {freeze, Int+3}
 48390 | Vaults:4 | Found Megherha's Jewellery Shop.
 48502 | Vaults:4 | Received a gift from Trog
 48785 | Vaults:4 | Identified the +10 short sword of Radicalism {drain,
                  | *Corrode rElec rN+}
 48965 | Vaults:4 | Reached skill level 15 in Fighting
 48996 | Vaults:4 | Reached skill level 15 in Dodging
 48998 | Vaults:4 | Paralysed by a great orb of eyes for 3 turns
 49261 | Vaults:4 | Found Tuophuf's Book Shop.
 49308 | Vaults:4 | Found Oguuh's Magic Scroll Shoppe.
 49635 | Crypt:1  | Entered Level 1 of the Crypt
 49688 | Crypt:1  | Received a gift from Trog
 49793 | Crypt:1  | Reached skill level 24 in Unarmed Combat
 49923 | Crypt:1  | Found an ancient bone altar of Kikubaaqudgha.
 50203 | Crypt:1  | Reached XP level 24. HP: 234/244 MP: 10/19
 50533 | Crypt:2  | Received a gift from Trog
 51911 | Crypt:3  | Entered Level 3 of the Crypt
 51938 | Crypt:3  | Found a basalt altar of Yredelemnul.
 52031 | Crypt:3  | Received a gift from Trog
 52165 | Crypt:3  | Found a huge runed gate.
 52165 | Crypt:3  | Found a huge runed gate.
 52165 | Crypt:3  | Found a huge runed gate.
 52165 | Crypt:3  | Found a huge runed gate.
 52165 | Crypt:3  | Found a huge runed gate.
 52165 | Crypt:3  | Found a huge runed gate.
 52165 | Crypt:3  | Found a huge runed gate.
 52165 | Crypt:3  | Found a huge runed gate.
 52207 | Crypt:3  | Found a huge runed gate.
 52207 | Crypt:3  | Found a huge runed gate.
 52208 | Crypt:3  | Found a huge runed gate.
 52209 | Crypt:3  | Found a huge runed gate.
 52210 | Crypt:3  | Found a huge runed gate.
 52211 | Crypt:3  | Found a huge runed gate.
 52211 | Crypt:3  | Found a huge runed gate.
 52214 | Crypt:3  | Found a huge runed gate.
 52214 | Crypt:3  | Found a huge runed gate.
 52214 | Crypt:3  | Found a huge runed gate.
 52215 | Crypt:3  | Found a huge runed gate.
 52216 | Crypt:3  | Found a huge runed gate.
 52222 | Crypt:3  | Found a staircase to the Tomb.
 52271 | Crypt:3  | Found a huge runed gate.
 52271 | Crypt:3  | Found a huge runed gate.
 52271 | Crypt:3  | Found a huge runed gate.
 52273 | Crypt:3  | Found a huge runed gate.
 52279 | Crypt:3  | Found a huge runed gate.
 52279 | Crypt:3  | Found a huge runed gate.
 52279 | Crypt:3  | Found a huge runed gate.
 52279 | Crypt:3  | Found a huge runed gate.
 52279 | Crypt:3  | Found a huge runed gate.
 52279 | Crypt:3  | Found a huge runed gate.
 52280 | Crypt:3  | Found a huge runed gate.
 52281 | Crypt:3  | Found a huge runed gate.
 52282 | Crypt:3  | Found a huge runed gate.
 52290 | Crypt:3  | Found a huge runed gate.
 52301 | Crypt:3  | Found a huge runed gate.
 52301 | Crypt:3  | Found a huge runed gate.
 52496 | Crypt:3  | Found an ancient bone altar of Kikubaaqudgha.
 52789 | Crypt:3  | Identified the amulet of Youthful Indiscretion {RegenMP
                  | Rampage *Corrode rElec Int+7}
 52801 | Crypt:3  | Identified the +1 robe "Yshafah" {Rampage Slay+2}
 53191 | Tomb:1   | Entered Level 1 of the Tomb of the Ancients
 53333 | Tomb:1   | Paralysed by a sphinx for 5 turns
 53353 | Tomb:1   | Received a gift from Trog
 53757 | Tomb:1   | Noticed a royal mummy
 53765 | Tomb:1   | Killed a royal mummy
 53899 | Tomb:1   | Noticed a royal mummy
 53957 | Tomb:1   | Killed a royal mummy
 55146 | Slime:1  | Entered Level 1 of the Pits of Slime
 55623 | Slime:1  | Lost mutation: You occasionally shout uncontrollably at
                  | your foes. [potion of mutation]
 55623 | Slime:1  | Lost mutation: Your magical capacity is low. (-10% MP)
                  | [potion of mutation]
 55623 | Slime:1  | Lost mutation: You have a pair of small horns on your head.
                  | [potion of mutation]
 55623 | Slime:1  | Gained mutation: You are clumsy. (Dex -2) [potion of
                  | mutation]
 55623 | Slime:1  | Lost mutation: You are vulnerable to heat. (rF-) [potion of
                  | mutation]
 55623 | Slime:1  | Gained mutation: You are robust. (+10% HP) [potion of
                  | mutation]
 55697 | Slime:1  | Reached XP level 25. HP: 156/278 MP: 13/22
 55900 | Slime:3  | Received a gift from Trog
 56439 | Slime:4  | Reached skill level 10 in Armour
 56917 | Slime:5  | Entered Level 5 of the Pits of Slime
 56937 | Slime:5  | Lost mutation: You are robust. (+10% HP) [a shining eye]
 57041 | Slime:5  | Gained mutation: You are dopey. (Int -2) [a shining eye]
 57056 | Slime:5  | Noticed the Royal Jelly
 57243 | Slime:5  | Found a viscous altar of Jiyva.
 57244 | Slime:5  | Found the +3 greatsling "Punk" {acid, rCorr}
 57556 | Slime:5  | Killed the Royal Jelly
 57557 | Slime:5  | Reached skill level 25 in Unarmed Combat
 57664 | Slime:4  | Received a gift from Trog
 57887 | Slime:5  | Identified the +8 dagger of the Several Friends {heavy,
                  | Str+4}
 57896 | Slime:5  | Identified the ring "Noudd" {rC+ rCorr AC+4}
 57928 | Slime:5  | Got a slimy rune of Zot
 58849 | Zot:1    | Received a gift from Trog
 60190 | Zot:2    | Noticed an orb of fire
 60190 | Zot:2    | Noticed an ancient lich
 60190 | Zot:2    | Noticed an orb of fire
 60191 | Zot:2    | Found a transporter.
 60193 | Zot:2    | Found a shimmering blue altar of Sif Muna.
 60251 | Zot:2    | Identified the amulet of Norheret {Reflect Harm Str+3 SH+5}
 60800 | Zot:2    | Noticed a dread lich
 60935 | Zot:3    | Reached XP level 26. HP: 266/266 MP: 13/22
 61253 | Zot:3    | Received a gift from Trog
 62114 | Zot:3    | Reached skill level 26 in Unarmed Combat
 62710 | Zot:5    | Entered Level 5 of the Realm of Zot
 63387 | Zot:4    | Noticed Vv
 63405 | Zot:4    | Killed Vv
 64488 | Zot:5    | Noticed an ancient lich
 64495 | Zot:5    | Killed an ancient lich
 64498 | Zot:5    | Noticed an orb of fire
 64514 | Zot:5    | Killed an orb of fire
 65360 | Zot:5    | Noticed a dread lich
 65376 | Zot:5    | Killed a dread lich
 65386 | Zot:5    | Identified the +12 rapier of the Skies Above {antimagic,
                  | rC+} (Trog gifted it to you on level 5 of the Realm of Zot)
 65386 | Zot:5    | Received a gift from Trog
 65414 | Zot:5    | Noticed a dread lich
 65430 | Zot:5    | Killed a dread lich
 65432 | Zot:5    | Noticed a dread lich
 65443 | Zot:5    | Killed a dread lich
 65758 | Zot:5    | Noticed an orb of fire
 65759 | Zot:5    | Gained mutation: You are weak. (Str -2) [an orb of fire]
 65766 | Zot:5    | Killed an orb of fire
 65989 | Zot:5    | Reached XP level 27. HP: 248/278 MP: 13/22
 66987 | Zot:2    | Reached skill level 27 in Unarmed Combat
 70935 | D:12     | Bought a potion of lignification for 99 gold pieces
 70935 | D:12     | Bought a scroll labelled KULIECZAAV for 33 gold pieces
 70935 | D:12     | Bought a scroll labelled ENETOADUIGG for 33 gold pieces
 70935 | D:12     | Bought a potion of lignification for 99 gold pieces
 73449 | D:8      | Killed Likado's ghost
 73580 | D:7      | Killed jimonade's ghost
 74575 | Orc:2    | Bought a scroll labelled YKLYTZ IBOOCE for 28 gold pieces
 75033 | Elf:3    | Identified the +0 scale mail of the Sea {rC+}
 75692 | Slime:5  | Identified the +9 glaive of the Ageing Spider {heavy,
                  | Str+3}
 76330 | Zot:5    | Got the Orb of Zot
 76526 | Depths:1 | Gained mutation: You occasionally lose the ability to drink
                  | potions when taking damage. [a cacodemon]
 76531 | Depths:1 | Noticed Juhi the pandemonium lord
 76540 | Depths:1 | Gained mutation: You are vulnerable to heat. (rF-) [a
                  | cacodemon]
 76546 | Depths:1 | Killed Juhi the pandemonium lord
 76882 | D:1      | Noticed Ahemipso the pandemonium lord
 76889 | D:$      | Escaped with the Orb!

Illustrated notes

Levels and vault maps discovered:
D:1:      moated_graveyard_arrival, layout_loops_corners
D:2:      minmay_diamond_boxcup, layout_basic, serial_shops,
          nicolae_shop_waterfront
D:3:      layout_basic, tso_altar, hellmonk_ecumenical_altar_heavens_door,
          minmay_door_square, uniq_crazy_yiuf_cottage
D:4:      layout_rooms, nicolae_overflow_hidden_temple, grunt_decor_cap
D:5:      layout_cave_pools, serial_shops, nicolae_shop_bloodbath_and_beyond
D:6:      layout_basic, temple_hall, serial_shops, shop, chequers_garden,
          minmay_manual_mares, uniq_edmund, uniq_grinder
D:7:      layout_gridville, chequers_temple_overflow_statue_of_worship,
          serial_shops, shop_fountains, ebering_ghost_gozag
D:8:      layout_loops_ring, ebering_ghost_xom
D:9:      layout_stronghold, erik_orc_1, serial_shops, kennysheep_little_box,
          shop_statue, shop, enter_bailey_3
D:10:     gammafunk_boulding_lane, layout_stronghold, minmay_misc_feat_enclosed,
          kennysheep_small_spiral, uniq_urug
D:11:     layout_roguey, hellmonk_lair_entry_icy, uniq_nergalle
D:12:     layout_small_grid, special_room [special_room_orc], serial_undead,
          serial_undead_a, serial_undead_b, serial_undead_a, serial_undead_b,
          serial_shops, nicolae_shop_window_shopping, nicolae_shop_crystal,
          shop, shop_fountains, shop, fedhas_altar_4, uniq_gastronok
D:13:     layout_basic, uniq_lodul
D:14:     layout_basic, david_vaults_5, nicolae_trove_entry_crystal,
          nicolae_straight_to_the_point, uniq_frances
D:15:     grunt_enter_depths_magical_seal, layout_long_grid, serial_ice,
          serial_ice_a, serial_ice_n, serial_ice_o, serial_ice_h, serial_ice_e,
          serial_ice_k, tgw_lugonu_bribe
Lair:1:   dreamdust_cave_troll, layout_cellular_growth,
          grunt_forest_large_clearings
Lair:2:   layout_roguey, hellmonk_spider_entry_not_the_bees, grunt_megastairs_2
Lair:3:   layout_small_grid, elwin_shoals_entry_stream
Lair:4:   layout_cave_pods, nicolae_slime_entry_slimehenge, grunt_megastairs_1
Lair:5:   gammafunk_lair_ancient_temple, layout_misc_corridors,
          lemuel_fruit_fields
Shoals:1: layout_shoals
Shoals:2: layout_shoals, ebering_ghost_xom, nicolae_shoals_lost_giant_pillars
Shoals:3: layout_shoals, serial_shops, shop, lightli_airlock, uniq_polyphemus,
          uniq_roxanne, uniq_donald
Shoals:4: shoals_end_simple, layout_shoals,
          nicolae_shoals_lost_giant_amphitheater
Spider:1: layout_spider_delve
Spider:2: layout_cave_pods
Spider:3: layout_spider_delve
Spider:4: hellmonk_spider_rune_bug_friends
Slime:1:  layout_caves
Slime:2:  layout_caves
Slime:3:  layout_caves
Slime:4:  layout_caves, nicolae_slime_rock_hall_of_fame
Slime:5
Orc:1:    layout_diamond_mine, minmay_orc_temple_c
Orc:2:    st_orc_mages, layout_caves, david_defended_altar_orc
Elf:1:    kennysheep_room_grid, layout_geoelf_diagonals,
          hangedman_elven_crosses_minicolossus, uniq_asterion
Elf:2:    elven_hall_of_blades_hangedman_original [nicolae_blade_bullseye],
          layout_geoelf_octagon
Elf:3:    minmay_elf_hall_spiked, layout_onion_city, serial_shops,
          nicolae_lakefront_shop, minmay_shop_grid_forest
Vaults:1: hangedman_vaults_stream, hangedman_vaults_locks,
          nicolae_vaults_big_ls, vaults_room_semicircle, ontoclasm_vaults_pinch,
          v_pattern_3, vaults_room_fours, layout_vaults_omnigrid, uniq_aizul
Vaults:2: portal_desolation_entry_nicolae_nacl, v_misc_2,
          vaults_dpeg_encased_lava, nicolae_vaults_mini_display_case,
          ontoclasm_vaults_claustrophobia, vaults_room_door_hall,
          nicolae_vaults_little_squares_2, ontoclasm_vaults_chip,
          ontoclasm_vaults_ring_small, ontoclasm_vaults_twist,
          ontoclasm_vaults_shuriken, nicolae_vaults_border_crossing,
          vaults_room_mumra_shop_pool, ontoclasm_vaults_tryst,
          nicolae_vaults_network_s, layout_vaults_omnicross, serial_shops,
          nicolae_shop_crystal, uniq_saint_roka
Vaults:3: v_misc_16, nicolae_vaults_hallways_thing, st_cross,
          vaults_room_door_hall, minmay_crypt_entry_simple_round,
          nicolae_vaults_ninety_degrees, hangedman_vaults_hat,
          vaults_dpeg_emergency_exit, nicolae_vaults_alarming,
          hangedman_vaults_trim, vaults_dpeg_ring, hangedman_vaults_snaps,
          layout_vaults_chaotic_city
Vaults:4: nicolae_vaults_lopsided_apartments, grunt_vaults_swirl,
          nicolae_vaults_little_squares_4, ontoclasm_vaults_fault,
          ontoclasm_vaults_misaligned, nicolae_vaults_little_squares_2,
          ontoclasm_vaults_gateway, v_misc_5, hangedman_vaults_restitches,
          ontoclasm_vaults_loading_screen, v_misc_9,
          ontoclasm_vaults_decontamination, nicolae_vaults_little_ls,
          layout_vaults_ring, serial_shops, shop, shop_fountains,
          nicolae_square_shop
Crypt:1:  layout_basic, basic_altar
Crypt:2:  layout_catacombs
Crypt:3:  church_of_pain_bobbens, layout_chaotic_city, basic_altar, door_vault
Tomb:1
Depths:1: layout_basic, enter_ziggurat_c, grunt_decor_clamped,
          mu_enter_wizlab_5, hell_entry, serial_sigils_hangedman_writhe,
          grunt_ministairs_13, cheibrodos_ashenzari_chains,
          serial_bayou_shore_b, minmay_shoptagon
Depths:2: minmay_the_grid_net [minmay_the_grid_medium_cups,
          minmay_the_grid_holed_spiral, minmay_the_grid_slots,
          minmay_the_grid_minigrid_small, minmay_the_grid_embedded,
          minmay_the_grid_prize_big_room], layout_gridville, abyss_entry,
          pan_entry, hell_entry, nrook_campfire, dreamdust_wishing_well,
          minmay_stone_trees_large, bloody_trog
Depths:3: hellmonk_ruined_rings, layout_gridville, hangedman_abyss_entry_splay,
          hell_entry, grunt_pan_entry_zigzag, minmay_misc_feat_four_crosses,
          nicolae_water_bricks, st_stairs_4, abandoned_shop,
          minmay_guarded_unrand_zonguldrok, uniq_josephina
Depths:4: grunt_zot_entry_alcove, layout_gridlike,
          hangedman_abyss_or_decor_slice, pf_vacation_house_of_asmodeus,
          onia_ninara_cookie
Zot:1:    layout_gridlike, grunt_megastairs_5
Zot:2:    gammafunk_sealed_library, layout_gridville
Zot:3:    layout_cathedral_of_symmetry, drop_trap, skrybe_zot_glass_1
Zot:4:    layout_misc_corridors, uniq_vv
Zot:5:    layout_twisted_circle

Skill      XL: |  1  2  3  4  5  6  7  8  9 10 11 12 13 14 15 16 17 18 19 20 21 22 23 24 25 26 27 |
---------------+----------------------------------------------------------------------------------+-----
Fighting       | 3 4 5 6 7 8 9 10 11 12 13 14 15 16 17 | 17.1
Dodging        | 3 4 5 6 7 8 9 10 11 12 13 14 15 16 17 | 17.1
Stealth        | 1 2 3 4 |  4.0
Unarmed Combat | 4 5 6 7 9 11 12 13 14 15 16 17 18 19 20 21 22 23 24 25 26 27 | 27.0
Throwing       | 1 2 3 5 6 7 8 9 10 11 12 13 14 15 16 17 18 20 | 20.3
Shields        | 5 10 12 13 14 15 16 17 18 19 20 | 20.0
Armour         | 4 8 9 10 | 10.0

Action                     |  1- 3 |  4- 6 |  7- 9 | 10-12 | 13-15 | 16-18 | 19-21 | 22-24 | 25-27 || total
---------------------------+-------+-------+-------+-------+-------+-------+-------+-------+-------++-------
  Melee: Unarmed           |   107 |   120 |   288 |   216 |  1241 |  1677 |  1362 |  1822 |  1131 ||  7964
         Punch             |       |     3 |    11 |    12 |    55 |       |       |       |       ||    81
         Headbutt          |       |       |       |       |   266 |   474 |   414 |   550 |       ||  1704
  Throw: Dart              |       |       |     1 |    15 |    53 |   128 |       |    10 |       ||   207
         Boomerang         |       |       |       |       |    37 |    64 |     2 |       |     1 ||   104
         Javelin           |       |       |       |       |    12 |     5 |    18 |    39 |    24 ||    98
         Large rock        |       |       |       |       |    21 |    32 |   231 |   148 |   272 ||   704
         Throwing net      |       |       |       |       |     2 |       |       |       |       ||     2
 Invoke: Berserk           |       |     2 |     3 |     7 |    11 |    19 |    10 |    12 |     6 ||    70
         Trog's Hand       |       |       |     2 |     2 |     5 |     6 |    16 |    16 |     9 ||    56
         Brothers in Arms  |       |       |       |       |     2 |     8 |    12 |     2 |     3 ||    27
  Evoke: Wand              |       |       |     2 |       |       |     6 |       |     2 |     1 ||    11
         Condenser vane    |       |       |       |       |     3 |     2 |     4 |     2 |     2 ||    13
         Phial of floods   |       |       |       |       |       |       |     1 |       |       ||     1
         Phantom mirror    |       |       |       |       |       |       |       |       |     1 ||     1
    Use: Potion            |       |       |       |     9 |     3 |     3 |    16 |    11 |    10 ||    52
   Stab: Sleeping          |     2 |     3 |     3 |     1 |     9 |     8 |     4 |    10 |     1 ||    41
         Confused          |       |       |       |     1 |     2 |     3 |     5 |       |     1 ||    12
         Distracted        |       |       |       |       |     4 |       |     9 |     3 |     1 ||    17
         Petrified         |       |       |       |       |       |    11 |       |       |       ||    11
         Invisible         |       |       |       |       |       |     2 |       |       |       ||     2
         Petrifying        |       |       |       |       |       |     1 |       |       |       ||     1
         Held in net/web   |       |       |       |       |       |     1 |       |       |       ||     1
 Armour: Animal skin       |    39 |    30 |    86 |    45 |       |       |       |       |       ||   200
         Troll leather arm |       |       |       |       |   451 |   416 |   180 |   182 |   130 ||  1359
         Skin              |       |       |       |       |     2 |       |       |    15 |     9 ||    26
  Dodge: Dodged            |    54 |    58 |   213 |   121 |   623 |   557 |   492 |   629 |   398 ||  3145
  Block: Other             |       |       |     9 |    44 |   142 |       |       |       |       ||   195
         Reflection        |       |       |     1 |     1 |    42 |    87 |    47 |    59 |       ||   237
         Kite shield       |       |       |       |       |   580 |  1351 |   908 |   505 |       ||  3344
         Tower shield      |       |       |       |       |       |       |       |   724 |   882 ||  1606

Table legend: (Time is in decaauts)
 A = Elapsed time spent in this place.
 B = Non-inter-level travel time spent in this place.
 C = Inter-level travel time spent in this place.
 D = Time resting spent in this place.
 E = Time spent auto-exploring this place.
 F = Levels seen in this place.
 G = Mean time per level.
                   A        B        C        D        E       F      G
               +--------+--------+--------+--------+--------+-----+--------+
         Total |  75287 |  63778 |  11509 |   6074 |  39111 |  59 | 1276.1 |
       Dungeon |  18453 |  14258 |   4195 |   1058 |  10109 |  15 | 1230.2 |
          Lair |   6140 |   4745 |   1395 |    191 |   3477 |   5 | 1228.0 |
        Shoals |   5334 |   4989 |    345 |    533 |   3097 |   4 | 1333.5 |
   Spider Nest |   6167 |   5284 |    883 |   1063 |   2074 |   4 | 1541.8 |
    Slime Pits |   2934 |   2590 |    344 |    154 |   1531 |   5 |  586.8 |
  Orcish Mines |   1913 |   1588 |    325 |    183 |    808 |   2 |  956.5 |
   Elven Halls |   3454 |   2970 |    484 |     54 |   2277 |   3 | 1151.3 |
        Vaults |   6743 |   5967 |    776 |    304 |   4394 |   4 | 1685.8 |
         Crypt |   4349 |   3785 |    564 |    144 |   2845 |   3 | 1449.7 |
          Tomb |   1742 |   1461 |    281 |    271 |    542 |   1 | 1742.0 |
        Depths |   6690 |   5836 |    854 |    956 |   2514 |   4 | 1672.5 |
           Zot |   9176 |   8118 |   1058 |    972 |   5072 |   5 | 1835.2 |
         Abyss |   1229 |   1229 |      0 |     63 |     26 |   1 | 1229.0 |
         Trove |     29 |     29 |      0 |      0 |      5 |   1 |   29.0 |
        Bailey |    320 |    320 |      0 |     81 |     98 |   1 |  320.0 |
    Desolation |    607 |    607 |      0 |     41 |    238 |   1 |  607.0 |
               +--------+--------+--------+--------+--------+-----+--------+

Top non-repeatable levels by time:
   Zot:5: 3043 daAuts
    D:15: 2077 daAuts
    D:14: 1959 daAuts
Spider:1: 1901 daAuts
Vaults:3: 1896 daAuts
    D:12: 1892 daAuts
Depths:3: 1864 daAuts
Vaults:2: 1861 daAuts
Depths:4: 1851 daAuts
Spider:3: 1807 daAuts
Shoals:4: 1764 daAuts
   Zot:3: 1743 daAuts
  Tomb:1: 1742 daAuts
   Zot:1: 1679 daAuts
 Crypt:2: 1639 daAuts
